 Dungeon Crawl Stone Soup version 0.25.0-9-g26727b657a (webtiles) character file.

Game seed: 16410843350218142872

137 Esekla the Slasher (level 5, -1/46 HPs)
             Began as a Naga Skald on June 19, 2020.
             Slain by a phantom (3 damage)
             ... on level 4 of the Dungeon.
             The game lasted 00:11:12 (2185 turns).

Esekla the Slasher (Naga Skald)                     Turns: 2185, Time: 00:11:12

Health: -1/46      AC:  4    Str: 14    XL:     5   Next: 20%
Magic:  8/8        EV:  9    Int: 14    God:
Gold:   124        SH:  0    Dex: 10    Spells: 4/9 levels left

rFire    + . .     SeeInvis +   a - +0 falchion
rCold    . . .     Gourm    .   (no shield)
rNeg     . . .     Faith    .   b - +0 leather armour
rPois    +         Spirit   .   k - +0 helmet
rElec    .         Reflect  .   (no cloak)
rCorr    .         Harm     .   (no gloves)
MR       .....                  (no barding)
Stlth    +.........             (no amulet)
HPRegen  0.15/turn              g - ring of protection from fire
MPRegen  0.11/turn              (no ring)

@: very slow
A: large, see invisible, deformed body, poison resistance, slowness 2, slow
metabolism 1, spit poison 1, AC +1
a: Spit Poison


You were on level 4 of the Dungeon.
You were very hungry.

You visited 1 branch of the dungeon, and saw 5 of its levels.

You collected 124 gold pieces.

Inventory:

Hand Weapons
 a - a +0 falchion (weapon)
 j - a +0 rapier
Missiles
 l - 14 poisoned darts (quivered)
Armour
 b - a +0 leather armour (worn)
 k - a +0 helmet (worn)
Jewellery
 g - a ring of protection from fire (left hand)
Scrolls
 e - 2 scrolls of identify {unknown}
 i - a scroll of remove curse {unknown}
 n - a scroll of amnesia {unknown}
Potions
 c - 2 potions of haste {unknown}
 f - a potion of degeneration {unknown}
 h - a potion of ambrosia {unknown}
 m - a potion of mutation {unknown}
Comestibles
 d - 4 rations


   Skills:
 + Level 2.5 Fighting
 * Level 4.1 Long Blades
 - Level 0.7 Armour
 + Level 2.1 Dodging
 + Level 1.1 Stealth
 + Level 2.5 Spellcasting
 - Level 3.0 Charms


You had 4 spell levels left.
You knew the following spells:

 Your Spells              Type           Power        Failure   Level  Hunger
a - Infusion              Chrm           ##..         9%          1    #......
b - Shroud of Golubria    Chrm/Tloc      #.....       24%         2    ###....
c - Song of Slaying       Chrm           ##......     13%         2    ###....

Your spell library contained the following spells:

 Spells                   Type           Power        Failure   Level  Hunger
 Ozocubu's Armour         Chrm/Ice       #.......     43%         3    ###....
 Spectral Weapon          Hex/Chrm       #.......     43%         3    ###....


Dungeon Overview and Level Annotations

Branches:
Dungeon (5/15)
 Temple: D:4-7

Altars:


Innate Abilities, Weirdness & Mutations

You cannot wear boots.
Your serpentine skin is tough. (AC +1)
You have supernaturally acute eyesight. (SInv)
Armour fits poorly on your strangely shaped body.
Your system is resistant to poisons. (rPois)
You cover ground very slowly.
You have a slow metabolism.
You can spit poison.


Message History

You miss the phantom.
The phantom is lightly damaged.
The phantom hits you.
* * * LOW HITPOINT WARNING * * *
The phantom blinks!
You hit the phantom.
The phantom is moderately damaged.
The phantom hits you.
* * * LOW HITPOINT WARNING * * *
You hit the phantom.
The phantom is moderately damaged.
The phantom hits you!
* * * LOW HITPOINT WARNING * * *
You closely miss the phantom.
The phantom is moderately damaged.
The phantom hits you but does no damage.
You closely miss the phantom.
The phantom is moderately damaged.
The phantom hits you.
You die...

##########
#######........#
.......ยง######.#
#########
#.#########
#..@.......
#.W######## #..#
# #..# .## #..#
..# #... ..# ....
..# .... #.#


You could see a phantom.

Vanquished Creatures
  An orc priest (D:3)
  A worker ant (D:4)
  An orc wizard (D:3)
  An adder (D:3)
  3 leopard geckos
  2 orcs (D:3)
  3 giant cockroaches (D:1)
  5 goblins
  7 hobgoblins
  4 jackals (D:2)
  5 kobolds
  A ball python (D:1)
  A bat (D:1)
  3 frilled lizards
  5 rats
43 creatures vanquished.

Notes
Turn   | Place    | Note
-------+----------+-------------------------------------------
     0 | D:1      | Esekla the Naga Skald began the quest for the Orb.
     0 | D:1      | Reached XP level 1. HP: 19/19 MP: 3/3
   269 | D:1      | Reached XP level 2. HP: 23/26 MP: 5/5
   281 | D:1      | Learned a level 2 spell: Shroud of Golubria
   284 | D:1      | Learned a level 2 spell: Song of Slaying
  1187 | D:1      | Reached XP level 3. HP: 32/32 MP: 6/6
  1597 | D:3      | Reached skill level 3 in Long Blades
  1597 | D:3      | Reached XP level 4. HP: 38/40 MP: 2/7
  1653 | D:3      | Reached skill level 1 in Stealth
  1850 | D:4      | Noticed a phantom
  1856 | D:4      | Reached skill level 4 in Long Blades
  1856 | D:4      | Reached XP level 5. HP: 29/46 MP: 8/8
  2130 | D:5      | Entered Level 5 of the Dungeon
  2183 | D:4      | HP: 2/46 [phantom (8)]
  2185 | D:4      | Slain by a phantom

Illustrated notes

Levels and vault maps discovered:
D:1:      dpeg_arrival_shelter, layout_basic, st_stairs_6
D:2:      layout_loops_ring, ashenzari_altar_1, item_on_display_a
D:3:      layout_basic, makhleb_heckhound_becter, tgw_xom
D:4:      layout_loops_ring, first_ration
D:5:      layout_cave_pools, grunt_temple_overflow_forces_of_nature,
          kennysheep_mini, marbit_many_paths

Skill      XL: |  1  2  3  4 |
---------------+-------------+-----
Long Blades    | 3 4 |  4.1
Dodging        | 2 |  2.1
Stealth        | 1 |  1.1
Fighting       | |  2.5
Armour         | |  0.7
Spellcasting   | |  2.5
Charms         | |  3.0

Action                   |  1- 3 |  4- 6 || total
-------------------------+-------+-------++-------
Melee: Falchion          |    80 |    47 ||   127
 Cast: Shroud of Golubri |     1 |       ||     1
       Song of Slaying   |     1 |       ||     1
 Abil: Spit Poison       |    18 |     7 ||    25
  Eat: Chunk             |     2 |     1 ||     3
Armor: Leather armour    |    20 |     8 ||    28
Dodge: Dodged            |    48 |    13 ||    61
       Rpst.: Falchion   |    18 |     4 ||    22
